MWL (24 & UNDER)
PLUMSTEAD EAGLES @ MANHATTEN MEATHEADS
08/23/2027
 
TOP OF THE 1ST
Plumstead Eagles batting - Pitching for Manhatten Meatheads : RHP Daniel Carter
Pitching: RHP Daniel Carter
Batting: RHB Howard Johnson 0-0: Ball
1-0: Called Strike
1-1: Foul Ball, location: 2F
1-2: Ball
2-2: Ball
3-2: SINGLE (Groundball, 4MD)
Batting: RHB Rob Brady 0-0: Ball
1-0: Ball
2-0: Ball
3-0: Called Strike
3-1: Foul Ball, location: 2F
3-2: Base on Balls
Howard Johnson to second
Batting: RHB Jaime Rodríguez 0-0: Called Strike
Howard Johnson steals 3rd base
Rob Brady to second
0-1: Ball
1-1: Fly out, F9 (Flyball, 89M)
Runner from 3rd tags up, SCORES, no throw
Batting: RHB Juan Caceres 0-0: Ball
1-0: Ball
Balk!
Rob Brady to third
2-0: Swinging Strike
2-1: Ball
3-1: Foul Ball, location: 2F
3-2: Foul Ball, location: 2F
3-2: Foul Ball, location: 2F
3-2: TRIPLE (Flyball, 9LD)
Rob Brady scores
Batting: RHB Kolomon Meise 0-0: SINGLE (Groundball, 4MD)
Juan Caceres scores
Batting: RHB Jeff Townsley 0-0: Ball
1-0: Ball
2-0: Called Strike
2-1: Foul Ball, location: 2F
2-2: Fly out, F8 (Line Drive, 8LD)
Batting: RHB Matt Thompson 0-0: Ball
1-0: Reached on error, E4 (Groundball, 4M)
Kolomon Meise to second
Batting: RHB Allen Hobbs 0-0: Fly out, F9 (Flyball, 89M)
Top of the 1st over - 3 run(s), 3 hit(s), 1 error(s), 2 left on base; Plumstead 3 - Manhatten 0
BOTTOM OF THE 1ST
Manhatten Meatheads batting - Pitching for Plumstead Eagles : RHP Jason MacKnight
Pitching: RHP Jason MacKnight
Batting: SHB Cornell Payne 0-0: Swinging Strike
0-1: Swinging Strike
0-2: Ground out 4-3 (Groundball, 4)
Batting: RHB Adrián López 0-0: Ball
1-0: Ground out 6-3 (Groundball, 6)
Batting: RHB Denver Baker 0-0: Ball
1-0: SINGLE (Line Drive, 6D)
Batting: SHB António Ramírez 0-0: Called Strike
Pickoff Throw to First - Out!
Bottom of the 1st over - 0 run(s), 1 hit(s), 0 error(s), 0 left on base; Plumstead 3 - Manhatten 0
TOP OF THE 2ND
Plumstead Eagles batting - Pitching for Manhatten Meatheads : RHP Daniel Carter
Batting: LHB Arturo Álvarez 0-0: SOLO HOME RUN (Flyball, 8LXD), Distance : 436 ft
Batting: RHB Howard Johnson 0-0: Ball
1-0: SINGLE (Groundball, 4D)
Batting: RHB Rob Brady 0-0: Ball
1-0: Fielders Choice at 2nd, 6-4 (Groundball, 6)
Batting: RHB Jaime Rodríguez 0-0: Ball
1-0: Fly out, F9 (Flyball, 89M)
Batting: RHB Juan Caceres 0-0: Ball
1-0: Foul Ball, location: 2F
1-1: Foul Ball, location: 2F
1-2: Strikes out swinging
Top of the 2nd over - 1 run(s), 2 hit(s), 0 error(s), 1 left on base; Plumstead 4 - Manhatten 0
BOTTOM OF THE 2ND
Manhatten Meatheads batting - Pitching for Plumstead Eagles : RHP Jason MacKnight
Batting: SHB António Ramírez 0-0: Ball
1-0: Called Strike
1-1: Swinging Strike
1-2: Ball
2-2: Strikes out swinging
Batting: RHB Craig Chapman 0-0: Swinging Strike
0-1: Foul Ball, location: 2F
0-2: Ball
1-2: Ball
2-2: Ball
3-2: Foul Ball, location: 2F
3-2: SINGLE (Groundball, 56D)
Batting: LHB Miguel Pérez 0-0: Ball
1-0: Ground out 3-1 (Groundball, 34S)
Craig Chapman to second
Batting: SHB José Sousa 0-0: Called Strike
0-1: Swinging Strike
0-2: Ground out 4-3 (Groundball, 34D)
Bottom of the 2nd over - 0 run(s), 1 hit(s), 0 error(s), 1 left on base; Plumstead 4 - Manhatten 0
TOP OF THE 3RD
Plumstead Eagles batting - Pitching for Manhatten Meatheads : RHP Daniel Carter
Batting: RHB Kolomon Meise 0-0: Ball
1-0: Called Strike
1-1: Foul Ball, location: 2F
1-2: Strikes out swinging
Batting: RHB Jeff Townsley 0-0: Called Strike
0-1: Called Strike
0-2: Foul Ball, location: 2F
0-2: Foul Ball, location: 2F
0-2: Ball
1-2: DOUBLE (Line Drive, 89M)
Batting: RHB Matt Thompson 0-0: Ball
1-0: Swinging Strike
1-1: Ball
2-1: Fly out, F9 (Flyball, 9S)
Batting: RHB Allen Hobbs 0-0: Ground out 5-3 (Groundball, 56)
Top of the 3rd over - 0 run(s), 1 hit(s), 0 error(s), 1 left on base; Plumstead 4 - Manhatten 0
BOTTOM OF THE 3RD
Manhatten Meatheads batting - Pitching for Plumstead Eagles : RHP Jason MacKnight
Batting: RHB Ismael Hidalgo 0-0: Called Strike
0-1: Foul Ball, location: 2F
0-2: Ball
1-2: Strikes out swinging
Batting: RHB José Esparza 0-0: Ball
1-0: Swinging Strike
1-1: SINGLE (Groundball, 4D)
Batting: SHB Cornell Payne 0-0: Ball
1-0: Ball
José Esparza steals 2nd base
2-0: Ground out 5-3 (Groundball, 56S)
José Esparza to third
Batting: RHB Adrián López 0-0: Called Strike
0-1: Fly out, F8 (Line Drive, 8LD)
Bottom of the 3rd over - 0 run(s), 1 hit(s), 0 error(s), 1 left on base; Plumstead 4 - Manhatten 0
TOP OF THE 4TH
Plumstead Eagles batting - Pitching for Manhatten Meatheads : RHP Daniel Carter
Batting: LHB Arturo Álvarez 0-0: Ball
1-0: Called Strike
1-1: Ball
2-1: Foul Ball, location: 2F
2-2: Strikes out swinging
Batting: RHB Howard Johnson 0-0: Called Strike
0-1: Ball
1-1: Fly out, F3 (Flyball, 3DF)
Batting: RHB Rob Brady 0-0: Called Strike
0-1: Ball
1-1: Called Strike
1-2: Ball
2-2: Strikes out looking
Top of the 4th over - 0 run(s), 0 hit(s), 0 error(s), 0 left on base; Plumstead 4 - Manhatten 0
BOTTOM OF THE 4TH
Manhatten Meatheads batting - Pitching for Plumstead Eagles : RHP Jason MacKnight
Batting: RHB Denver Baker 0-0: Ball
1-0: Called Strike
1-1: Ball
2-1: Ball
3-1: Base on Balls
Batting: SHB António Ramírez 0-0: Ball
1-0: Called Strike
1-1: Called Strike
1-2: Ball
2-2: Ball
3-2: Strikes out looking
Batting: RHB Craig Chapman 0-0: Called Strike
0-1: Called Strike
0-2: Fielders Choice at 2nd, 1-6 (Groundball, 13)
Batting: LHB Miguel Pérez 0-0: Called Strike
0-1: Ball
1-1: Swinging Strike
1-2: Foul Ball, location: 2F
1-2: Ball
2-2: Ball
3-2: Fly out, F5 (Line Drive, 56S)
Bottom of the 4th over - 0 run(s), 0 hit(s), 0 error(s), 1 left on base; Plumstead 4 - Manhatten 0
TOP OF THE 5TH
Plumstead Eagles batting - Pitching for Manhatten Meatheads : RHP Daniel Carter
Pitching: LHP Donald Joseph
Batting: RHB Jaime Rodríguez 0-0: Ball
1-0: Called Strike
1-1: Called Strike
1-2: Ball
2-2: SOLO HOME RUN (Flyball, 78XD), Distance : 394 ft
Batting: RHB Juan Caceres 0-0: Fly out, F7 (Flyball, 7D)
Batting: RHB Kolomon Meise 0-0: Ball
1-0: Called Strike
1-1: Fly out, F9 (Flyball, 89M)
Batting: RHB Jeff Townsley 0-0: Called Strike
0-1: Ball
1-1: Swinging Strike
1-2: Strikes out swinging
Top of the 5th over - 1 run(s), 1 hit(s), 0 error(s), 0 left on base; Plumstead 5 - Manhatten 0
BOTTOM OF THE 5TH
Manhatten Meatheads batting - Pitching for Plumstead Eagles : RHP Jason MacKnight
Batting: SHB José Sousa 0-0: Ball
1-0: Swinging Strike
1-1: Called Strike
1-2: Ball
2-2: Ball
3-2: Strikes out swinging
Batting: RHB Ismael Hidalgo 0-0: Called Strike
0-1: Ball
1-1: Foul Ball, location: 2F
1-2: Strikes out looking
Batting: RHB José Esparza 0-0: Called Strike
0-1: Ball
1-1: Ground out 6-3 (Groundball, 6)
Bottom of the 5th over - 0 run(s), 0 hit(s), 0 error(s), 0 left on base; Plumstead 5 - Manhatten 0
TOP OF THE 6TH
Plumstead Eagles batting - Pitching for Manhatten Meatheads : LHP Donald Joseph
Batting: RHB Matt Thompson 0-0: Swinging Strike
0-1: Fly out, F9 (Flyball, 9LS)
Batting: RHB Allen Hobbs 0-0: Foul Ball, location: 2F
0-1: Called Strike
0-2: Ball
1-2: Ball
2-2: Foul Ball, location: 2F
2-2: Strikes out swinging
Batting: LHB Arturo Álvarez 0-0: Ball
1-0: Fly out, F8 (Line Drive, 8LD)
Top of the 6th over - 0 run(s), 0 hit(s), 0 error(s), 0 left on base; Plumstead 5 - Manhatten 0
BOTTOM OF THE 6TH
Manhatten Meatheads batting - Pitching for Plumstead Eagles : RHP Jason MacKnight
Batting: SHB Cornell Payne 0-0: Ball
1-0: Fly out, F2 (Popup, 34S)
Batting: RHB Adrián López 0-0: Foul Ball, location: 2F
0-1: Ball
1-1: Ball
2-1: Called Strike
2-2: Ground out 6-3 (Groundball, 6)
Batting: RHB Denver Baker 0-0: Foul Ball, location: 2F
0-1: Foul Ball, location: 2F
0-2: DOUBLE (Line Drive, 9LM)
Batting: SHB António Ramírez 0-0: DOUBLE (Groundball, 3L)
Denver Baker scores
Batting: RHB Craig Chapman 0-0: Foul Ball, location: 2F
0-1: Called Strike
0-2: Ground out 5-3 (Groundball, 56S)
Bottom of the 6th over - 1 run(s), 2 hit(s), 0 error(s), 1 left on base; Plumstead 5 - Manhatten 1
TOP OF THE 7TH
Plumstead Eagles batting - Pitching for Manhatten Meatheads : LHP Donald Joseph
Batting: RHB Howard Johnson 0-0: Ball
1-0: Swinging Strike
1-1: Foul Ball, location: 2F
1-2: Ball
2-2: Strikes out swinging
Batting: RHB Rob Brady 0-0: Fly out, F7 (Line Drive, 78M)
Batting: RHB Jaime Rodríguez 0-0: Called Strike
0-1: Swinging Strike
0-2: Foul Ball, location: 2F
0-2: Strikes out swinging
Top of the 7th over - 0 run(s), 0 hit(s), 0 error(s), 0 left on base; Plumstead 5 - Manhatten 1
BOTTOM OF THE 7TH
Manhatten Meatheads batting - Pitching for Plumstead Eagles : RHP Jason MacKnight
Pitching: RHP Archie King
Batting: LHB Miguel Pérez 0-0: Ball
1-0: Ground out 4-3 (Groundball, 34)
Batting: SHB José Sousa 0-0: Called Strike
0-1: Swinging Strike
0-2: Ball
1-2: Ball
2-2: Ball
3-2: Base on Balls
Batting: RHB Ismael Hidalgo 0-0: Ball
1-0: Ball
2-0: Foul Ball, location: 2F
2-1: Swinging Strike
2-2: Ground out 5-3 (Groundball, 56S)
José Sousa to second
Batting: RHB José Esparza 0-0: Ball
1-0: Foul Ball, location: 2F
1-1: Ball
2-1: Ball
Wild Pitch!
José Sousa to third
3-1: Called Strike
3-2: Strikes out swinging
Bottom of the 7th over - 0 run(s), 0 hit(s), 0 error(s), 1 left on base; Plumstead 5 - Manhatten 1
TOP OF THE 8TH
Plumstead Eagles batting - Pitching for Manhatten Meatheads : LHP Donald Joseph
Batting: RHB Juan Caceres 0-0: Swinging Strike
0-1: Ball
1-1: Foul Ball, location: 2F
1-2: Strikes out swinging
Batting: RHB Kolomon Meise 0-0: Ball
1-0: Fly out, F8 (Line Drive, 8RS)
Batting: RHB Jeff Townsley 0-0: Fly out, F7 (Flyball, 78S)
Top of the 8th over - 0 run(s), 0 hit(s), 0 error(s), 0 left on base; Plumstead 5 - Manhatten 1
BOTTOM OF THE 8TH
Manhatten Meatheads batting - Pitching for Plumstead Eagles : RHP Archie King
Batting: SHB Cornell Payne 0-0: Called Strike
0-1: Ball
1-1: Ball
2-1: Ball
3-1: Foul Ball, location: 2F
3-2: Foul Ball, location: 2F
3-2: Base on Balls
Batting: RHB Adrián López 0-0: Ball
1-0: Foul Ball, location: 2F
1-1: Swinging Strike
1-2: Ball
2-2: Grounds into double play, 4-6-3 (Groundball, 34)
Batting: RHB Denver Baker 0-0: Ball
1-0: Ball
2-0: Foul Ball, location: 2F
2-1: Foul Ball, location: 2F
2-2: Strikes out swinging
Bottom of the 8th over - 0 run(s), 0 hit(s), 0 error(s), 0 left on base; Plumstead 5 - Manhatten 1
TOP OF THE 9TH
Plumstead Eagles batting - Pitching for Manhatten Meatheads : LHP Donald Joseph
Batting: RHB Matt Thompson 0-0: Foul Ball, location: 2F
0-1: Ball
1-1: Ball
2-1: Foul Ball, location: 2F
2-2: Foul Ball, location: 2F
2-2: Strikes out swinging
Batting: RHB Allen Hobbs 0-0: Called Strike
0-1: Ball
1-1: Ball
2-1: Foul Ball, location: 2F
2-2: Strikes out swinging
Batting: LHB Arturo Álvarez 0-0: Called Strike
0-1: Ground out 4-3 (Groundball, 34)
Top of the 9th over - 0 run(s), 0 hit(s), 0 error(s), 0 left on base; Plumstead 5 - Manhatten 1
BOTTOM OF THE 9TH
Manhatten Meatheads batting - Pitching for Plumstead Eagles : RHP Archie King
Batting: SHB António Ramírez 0-0: Called Strike
0-1: Ball
1-1: Ball
2-1: Ball
3-1: Base on Balls
Batting: RHB Craig Chapman 0-0: Foul Ball, location: 2F
0-1: Called Strike
0-2: Ball
1-2: Strikes out looking
Batting: LHB Miguel Pérez 0-0: Called Strike
0-1: Hit by Pitch
António Ramírez to second
Pitching: RHP Jesús Germán
Batting: SHB José Sousa 0-0: Ball
1-0: Called Strike
1-1: Called Strike
1-2: Ball
2-2: Ball
3-2: Foul Ball, location: 2F
3-2: Foul Ball, location: 2F
3-2: Strikes out swinging
Batting: RHB Ismael Hidalgo 0-0: Ball
1-0: Ball
2-0: Ball
3-0: Base on Balls
António Ramírez to third
Miguel Pérez to second
Batting: RHB José Esparza 0-0: Ball
1-0: Ball
2-0: SINGLE (Groundball, 15) (infield hit)
António Ramírez scores
Miguel Pérez to third
Ismael Hidalgo to second
Batting: SHB Cornell Payne 0-0: Called Strike
0-1: Ball
1-1: SINGLE (Groundball, 56D)
Miguel Pérez scores
Ismael Hidalgo to third
José Esparza to second
Runner from 3rd tries for Home, SAFE, throw made home
José Esparza to third
Cornell Payne to second
Pinch Hitting: LHB Robbie Turner 0-0: Ball
1-0: Ground out 4-3 (Groundball, 4)
Bottom of the 9th over - 3 run(s), 2 hit(s), 0 error(s), 2 left on base; Plumstead 5 - Manhatten 4
Thursday, March 30th, 2017 - OOTP Baseball 17.12 Build 75